 Dungeon Crawl Stone Soup version 0.25-a0-404-gc1b5a34292 (webtiles) character file.

Game seed: 1502149568423130791, levelgen mode: deterministic

5077 ReteAZ the Carver (level 10, -10/79 HPs)
             Began as a Human Fighter on Jan 10, 2020.
             Was a Believer of the Shining One.
             Mangled by an ogre
             ... wielding a +0 giant club
              (17 damage)
             ... on level 9 of the Dungeon.
             The game lasted 00:16:30 (9284 turns).

ReteAZ the Carver (Human Fighter)                   Turns: 9284, Time: 00:16:31

Health: -10/79     AC: 19    Str: 20    XL:     10   Next: 86%
Magic:  15/15      EV:  4    Int:  8    God:    the Shining One [**....]
Gold:   226        SH: 16    Dex: 16    Spells: 9/9 levels left

rFire    . . .     SeeInvis .   a - +0 long sword
rCold    . . .     Gourm    .   c - +0 shield
rNeg     + . .     Faith    .   w - +0 plate armour
rPois    +         Spirit   .   o - +0 helmet
rElec    .         Reflect  +   v - +0 cloak
rCorr    .         Harm     .   e - +2 pair of gloves {Dex+3}
MR       .....                  (no boots)
Stlth    ..........             x - +5 amulet of reflection
HPRegen  0.23/turn              t - ring of poison resistance
MPRegen  0.14/turn              (no ring)

@: lethally poisoned (-10 -> -11), glowing
A: no striking features
a: Divine Shield, Renounce Religion


You were on level 9 of the Dungeon.
You worshipped the Shining One.
The Shining One was pleased with you.
You were not hungry.

You visited 2 branches of the dungeon, and saw 10 of its levels.
You also visited: Bailey.

You collected 430 gold pieces.
You spent 183 gold pieces at shops.
You donated 21 gold pieces to Zin.

Inventory:

Hand Weapons
 a - a +0 long sword (weapon)
 p - the +1 flail of Xydab {holy, MR+}
   (You found it on level 4 of the Dungeon)

   It has been blessed by the Shining One to cause great damage to the undead
   and demons.
   It affects your resistance to hostile enchantments.
 s - the +4 flail "Hozxar" {antimagic, rN+}
   (You found it on level 4 of the Dungeon)

   It reduces the magical energy of the wielder, and disrupts the spells and
   magical abilities of those hit.
   Natural abilities and divine invocations are not affected.
   It protects you from negative energy.
Missiles
 l - 16 boomerangs (quivered)
Armour
 c - a +0 shield (worn)
 e - a +2 pair of gloves of dexterity (worn)
 o - a +0 helmet (worn)
 v - a +0 cloak (worn)
 w - a +0 plate armour (worn)
Jewellery
 t - a ring of poison resistance (left hand)
 x - a +5 amulet of reflection (around neck)
Scrolls
 g - 2 scrolls of remove curse
 i - 3 scrolls of amnesia
 k - 3 scrolls of teleportation
 n - 2 scrolls of identify
 u - 2 scrolls of magic mapping
 y - a scroll of fog
 B - a scroll of blinking
Potions
 b - 2 potions of haste
 d - a potion of lignification
 h - 2 potions of brilliance
 q - a potion of mutation
 r - 4 potions of curing
Comestibles
 f - 9 rations
 j - 3 chunks of flesh


   Skills:
 - Level 7.2 Fighting
 + Level 8.6 Long Blades
 - Level 7.0 Armour
 - Level 7.0 Shields
 - Level 7.0 Invocations


You had 9 spell levels left.
You didn't know any spells.
Your spell library was empty.

Dungeon Overview and Level Annotations

Branches:
Dungeon (9/15)             Temple (1/1) D:4            Lair (0/6) D:8
 Bailey (visited)
    Orc: D:9-12

Altars:
Ashenzari
Cheibriados
Dithmenos
Elyvilon
Fedhas
Gozag
Hepliaklqana
Kikubaaqudgha
Makhleb
Nemelex Xobeh
Okawaru
Qazlal
Ru
Sif Muna
Trog
Uskayaw
Vehumet
Wu Jian
Xom
Yredelemnul
Zin
The Shining One
Lugonu

Shops:
D:6 *

Annotations:
D:9 Grum


Message History

You feel sick. You block the hornet's attack. x2
The ogre hits you with a +0 giant club.
You closely miss the hornet.
The hornet is severely wounded.
You block the hornet's attack.
You hit the hornet.
The hornet is severely wounded.
You feel sick. You block the hornet's attack. You block the ogre's attack.
The hornet stings you!
You hit the hornet but do no damage.
The hornet is severely wounded.
The hornet stings you but does no damage.
The ogre hits you with a +0 giant club!!
* * * LOW HITPOINT WARNING * * *
You block the hornet's attack.
Your shield and plate armour prevent you from hitting the hornet.
The hornet is severely wounded.
The wolf howls!
You hear a howl!
You hear an angry hiss.
You hear a howl!
You block the hornet's attack. The ogre hits you with a +0 giant club!
You die...

...#........
...........
....(..h...
..........
##.......#
#........#.
#..........
#.yO.....#
##@###.....
### ... .


You could see a hornet, an ogre and a wolf.

Vanquished Creatures
  Pikel (D:5)
  An elephant (D:8)
  A gargoyle (D:9)
  A hippogriff (D:9)
  A wyvern (D:8)
  3 yaks (D:9)
  4 orc warriors
  A sky beast (D:8)
  3 ice beasts
  A slave (D:6)
  A phantom (D:8)
  An ogre (D:9)
  A centaur (D:5)
  A big kobold (D:7)
  A wyvern zombie (D:6)
  2 bullfrogs
  3 scorpions
  9 killer bees (D:8)
  A jelly (D:6)
  5 howler monkeys
  A bullfrog zombie (D:6)
  A centaur zombie (D:5)
  2 crimson imps
  A quasit (D:8)
  5 hounds
  A bullfrog skeleton (D:3)
  A centaur skeleton (D:8)
  4 orc priests
  5 orc wizards
  3 iguanas
  6 worker ants
  A hound zombie (D:7)
  5 gnolls
  11 adders
  A howler monkey skeleton (D:8)
  4 shadow imps
  2 oozes
  An adder skeleton (D:5)
  An adder zombie (D:6)
  3 worms
  2 leopard geckos
  27 orcs
  2 bats
  5 giant cockroaches
  11 goblins
  13 hobgoblins
  6 jackals (D:4)
  12 kobolds
  6 quokkas
  5 frilled lizards
  A leopard gecko zombie (D:7)
  9 rats
200 creatures vanquished.

Vanquished Creatures (others)
  An orc priest (D:6)
  An orc wizard (D:6)
  An orc (D:9)
3 creatures vanquished.

Grand Total: 203 creatures vanquished

Notes
Turn   | Place    | Note
-------+----------+-------------------------------------------
     0 | D:1      | ReteAZ the Human Fighter began the quest for the Orb.
     0 | D:1      | Reached XP level 1. HP: 18/18 MP: 1/1
   194 | D:1      | Reached XP level 2. HP: 24/24 MP: 2/2
   244 | D:1      | Found a shimmering altar of Xom.
   266 | D:1      | Reached skill level 3 in Long Blades
   461 | D:1      | Reached XP level 3. HP: 29/29 MP: 3/3
   655 | D:2      | Found a bloodstained altar of Trog.
   846 | D:2      | Found a sparkling altar of Nemelex Xobeh.
   911 | D:2      | Reached skill level 4 in Long Blades
   911 | D:2      | Reached XP level 4. HP: 35/35 MP: 4/4
  1602 | D:3      | Found a burning altar of Makhleb.
  1602 | D:3      | Noticed an Executioner
  1821 | D:3      | Found a basalt altar of Yredelemnul.
  1851 | D:3      | Reached skill level 5 in Long Blades
  1851 | D:3      | Reached XP level 5. HP: 28/41 MP: 5/5
  1977 | D:3      | Found a white marble altar of Elyvilon.
  2573 | D:4      | Reached XP level 6. HP: 44/47 MP: 6/6
  2580 | D:4      | Reached skill level 6 in Long Blades
  2666 | D:4      | Found a staircase to the Ecumenical Temple.
  2693 | Temple   | Entered the Ecumenical Temple
  2741 | Temple   | Became a worshipper of Zin the Law-Giver
  2741 | Temple   | Reached * piety under Zin
  2969 | D:4      | Got a twisted flail
  2994 | D:4      | Got an ancient flail
  2995 | D:4      | Identified the +4 flail "Hozxar" {antimagic, rN+} (You
                  | found it on level 4 of the Dungeon)
  2996 | D:4      | Identified the cursed +1 flail of Xydab {holy, MR+} (You
                  | found it on level 4 of the Dungeon)
  3260 | D:4      | Reached skill level 7 in Long Blades
  3260 | D:4      | Reached XP level 7. HP: 45/52 MP: 7/7
  3922 | D:4      | Found a shimmering altar of Xom.
  3925 | D:4      | Found a shimmering blue altar of Sif Muna.
  3927 | D:4      | Found a shattered altar of Ashenzari.
  3929 | D:4      | Found a sacrificial altar of Ru.
  3929 | D:4      | Found a hide-covered altar of Uskayaw.
  3929 | D:4      | Found an opulent altar of Gozag.
  3930 | D:4      | Found a shadowy altar of Dithmenos.
  3930 | D:4      | Found an ornate altar of the Wu Jian Council.
  3933 | D:4      | Found a glowing golden altar of the Shining One.
  3934 | D:4      | Found a snail-covered altar of Cheibriados.
  3938 | D:4      | Fell from the grace of Zin
  3938 | D:4      | Became a worshipper of the Shining One
  3965 | D:5      | Entered Level 5 of the Dungeon
  4074 | D:5      | Reached skill level 1 in Invocations
  4448 | D:5      | Found a sacrificial altar of Ru.
  4682 | D:5      | Reached * piety under the Shining One
  4856 | D:5      | Reached XP level 8. HP: 56/60 MP: 3/9
  5157 | D:6      | Noticed Pikel
  5450 | D:6      | Reached XP level 9. HP: 21/67 MP: 4/12
  5452 | D:6      | Reached skill level 5 in Fighting
  5452 | D:6      | Reached skill level 5 in Armour
  5456 | D:6      | Reached skill level 5 in Shields
  5789 | D:6      | Found Maruxtu's Assorted Antiques.
  5794 | D:6      | Bought a coppery potion for 21 gold pieces
  5794 | D:6      | Bought a murky puce potion for 21 gold pieces
  5794 | D:6      | Bought a fuming dark potion for 21 gold pieces
  5794 | D:6      | Bought a sapphire ring for 120 gold pieces
  5990 | D:5      | Killed Pikel
  5990 | D:5      | Reached skill level 5 in Invocations
  6744 | D:7      | Found an iron altar of Okawaru.
  6841 | D:7      | Reached ** piety under the Shining One
  7579 | D:8      | Found a flagged portal.
  7599 | Bailey   | Entered a bailey
  7706 | Bailey   | Reached XP level 10. HP: 46/76 MP: 2/14
  7907 | Bailey   | Noticed an orc knight
  7908 | Bailey   | Noticed an orc knight
  8748 | D:8      | Found a staircase to the Lair.
  8749 | D:8      | Noticed an elephant
  8750 | D:8      | Noticed a two-headed ogre
  8769 | D:8      | Killed an elephant
  8851 | D:9      | Noticed Grum
  9062 | D:9      | Noticed a gargoyle
  9075 | D:9      | Killed a gargoyle
  9095 | D:9      | Reached skill level 8 in Long Blades
  9284 | D:9      | Mangled by an ogre

Levels and vault maps discovered:
D:1:      scummos_arrival_simple_fountains, layout_rooms, grunt_decor_cap,
          xom_teletrap_fun
D:2:      wander_river, layout_basic, nicolae_overflow_hidden_temple,
          nemelex_altar_shiori
D:3:      layout_loops_ring, kennysheep_ying_yang, first_ration,
          makhleb_altar_promises_db
D:4:      layout_basic, minitemple, minmay_temple_entry_stoned_glass
D:5:      layout_basic, nicolae_ru_the_path_less_chosen
D:6:      layout_loops_ring, serial_shops, kennysheep_little_box, uniq_pikel
D:7:      layout_basic, okawaru_altar_gauntlet_db
D:8:      layout_basic, david_lair_generic, enter_bailey_7
D:9:      layout_cave_pools, hangedman_little_slice_of_home, uniq_grum
Temple:   corrupted_temple

Skill      XL: |  1  2  3  4  5  6  7  8  9 10 |
---------------+-------------------------------+-----
Long Blades    | 3 4 5 7 8 |  8.6
Invocations    | 2 4 5 7 |  7.0
Fighting       | 4 6 7 |  7.2
Armour         | 4 6 7 |  7.0
Shields        | 4 6 7 |  7.0

Action                   |  1- 3 |  4- 6 |  7- 9 | 10-12 || total
-------------------------+-------+-------+-------+-------++-------
Melee: Long sword        |    82 |   171 |       |    62 ||   315
       Flail             |       |    39 |   284 |   149 ||   472
Invok: Divine Shield     |       |       |     1 |     4 ||     5
  Use: Scroll            |       |       |     5 |     8 ||    13
       Potion            |       |       |     1 |     5 ||     6
  Eat: Chunk             |       |     8 |    14 |     7 ||    29
Armor: Scale mail        |    51 |   100 |     1 |       ||   152
       Chain mail        |       |       |    36 |       ||    36
       Plate armour      |       |       |   114 |   170 ||   284
Dodge: Dodged            |    24 |    53 |    44 |    46 ||   167
Block: Shield            |    68 |   116 |   248 |   340 ||   772
       Reflection        |       |       |    13 |     6 ||    19
       Rpst.: Long sword |     3 |    13 |       |     4 ||    20

Table legend:
 A = Non-vault XP
 B = Vault XP
 C = Vault XP percentage of total XP
 D = Non-vault monster count
 E = Vault monster count
 F = Vault count percentage of total count
                 A         B        C        D         E       F
            +---------+---------+-------+---------+---------+-------
      Total |    5704 |    1550 |  21.4 |     177 |      23 |  11.5
            +---------+---------+-------+---------+---------+-------
        D:1 |      35 |       0 |   0.0 |      19 |       0 |   0.0
        D:2 |      85 |       0 |   0.0 |      16 |       0 |   0.0
        D:3 |     124 |       0 |   0.0 |      20 |       0 |   0.0
        D:4 |     314 |       0 |   0.0 |      23 |       0 |   0.0
        D:5 |     654 |     629 |  49.0 |      21 |       1 |   4.5
        D:6 |    1233 |       0 |   0.0 |      25 |       0 |   0.0
        D:7 |     553 |      11 |   2.0 |      17 |       6 |  26.1
        D:8 |    1458 |     500 |  25.5 |      28 |       5 |  15.2
        D:9 |    1248 |     250 |  16.7 |       8 |       1 |  11.1
     Bailey |       0 |     160 | 100.0 |       0 |      10 | 100.0
            +---------+---------+-------+---------+---------+-------
